[Event "*** Titled Tuesday Blitz"]
[Site "Chess.com"]
[Date "2020.04.28"]
[Round "9"]
[White "garicradomir"]
[Black "davidkalashian"]
[Result "1-0"]
[WhiteElo "2390"]
[BlackElo "2556"]
[TimeControl "180+1"]
[EndTime "11:48:16 PDT"]
[Termination "garicradomir won by checkmate"]

1. e4 c6 2. Nf3 g6 3. d4 Bg7 4.
Nc3 d6 5. Bd3 Nf6 6. a4 O-O 7.
h3 Nbd7 8. O-O e5 9. Re1 Qe7 10. dxe5 dxe5 11. Qe2 Nc5 12. Be3 Nxd3 13. Qxd3 Nh5 14.
Rad1 Be6 15. Qd6 Qxd6 16. Rxd6 Rfe8 17. Ng5 Bf8 18. Rd2 Bc8 19. g4 Nf4 20. Bxf4 exf4 21. e5 Kg7 22. Rd4 h6 23. Nf3 g5 24. Ne4 Be6 25.
Red1 Bd5 26. c4 Bxe4 27. Rxe4 Bc5 28. Re2 Rad8 29. Red2 Rxd2 30. Rxd2 Re7 31. Rd8 a5 32. Kf1 Bb6 33. Rb8 Bc5 34. Ke2 f6 35. Nd2 Ba7 36. Ra8 Rxe5+ 37. Kf3 Bd4 38. b3 Re7 39. Ne4 Rd7 40.
Rxa5 Be5 41. Ra7 Rd3+ 42. Ke2 Rxb3 43. Nc5 Rb2+ 44. Kf3 f5 45. Rxb7+ Rxb7 46. Nxb7 Kf6 47.
a5 Bb8 48. Nd8 fxg4+ 49. hxg4 Ba7 50. Nxc6 Bc5 51. a6 Ke6 52. a7 Bxa7 53. Nxa7 Kd6 54. Nb5+ Kc5 55. Na3 Kb4 56. Ke4 Kc5 57. f3 Kb4 58.
Kf5 Kc5 59. Kg6 Kd4 60. Kxh6 Ke3 61. c5 Kxf3 62. c6 Kg3 63. c7 f3 64. c8=Q f2 65. Qc3+ Kh4 66. Qc1 Kg3 67. Qf1 Kh4 68. Qxf2+ Kh3 69.
Qf1+ Kh4 70. Kg6 Kg3 71. Kf6 Kh2 72. Nc4 Kg3 73. Ne5 Kh4 74. Nf7 Kg3 75. Kg6 Kh4 76.
Qh1+ Kg3 77. Nh6 Kf2 78. Qh5 Kg3 79. Qxg5 Kh3 80. Qh5+ Kg3 81. g5 Kf4 82. Qg4+ Ke5 83. Qf5+ Kd6 84. Qf6+ Kd7 85. Kh5 Ke8 86. g6 Kd7 87. g7 Ke8 88. g8=Q+ Kd7 89. Qgg7+ Ke8 90. Qff8# 1-0

[Event "*** Titled Tuesday Blitz"]
[Site "Chess.com"]
[Date "2020.04.28"]
[Round "9"]
[White "Bastiandash"]
[Black "Belka1989"]
[Result "1-0"]
[WhiteElo "2025"]
[BlackElo "2199"]
[TimeControl "180+1"]
[EndTime "11:48:24 PDT"]
[Termination "Bastiandash won by checkmate"]

1. d4 Nf6 2. Nf3 d5 3. c3 c6 4.
Bg5 Bf5 5. e3 e6 6. Bd3 Bg6 7.
O-O Nbd7 8. Ne5 Bd6 9. f4 Qc7 10.
Qe2 Bxd3 11. Qxd3 Ne4 12. Bh4 Ndf6 13. Bxf6 gxf6 14. Nf3 Rg8 15. Nbd2 f5 16. Qe2 f6 17. Nxe4 fxe4 18. Nh4 O-O-O 19. b4 Be7 20. g3 f5 21. Ng2 a6 22. a4 Kd7 23. Qh5 Rh8 24. Rab1 Qd6 25.
Qe2 Bf6 26. Ra1 Ra8 27. Rfb1 Qc7 28. Ra2 Qd6 29. b5 axb5 30. axb5 Rxa2 31. Qxa2 Rb8 32. Qa4 Qc7 33. b6 Qd6 34. Qa7 Ke7 35. Qa5 Kf7 36. Kf2 Be7 37. Ra1 Qd7 38. Qa7 Qc8 39.
Ra4 h6 40. Ne1 Bd8 41. Qa5 Be7 42. Nc2 h5 43. Ne1 h4 44. Ng2 hxg3+ 45. hxg3 Qh8 46. Ra1 Qc8 47. Qa2 Qd8 48. Qb2 Qc8 49. Rh1 Qd8 50. Qb1 Qg8 51. Qd1 Ke8 52. Qh5+ Kd7 53. Qh7 Qxh7 54. Rxh7 Ra8 55. Nh4 Ra2+ 56. Kg1 Rc2 57.
Ng6 Rxc3 58. Rxe7+ Kc8 59. Rxe6 Rxe3 60. Re5 Rb3 61.
Rxf5 Rxb6 62. g4 e3 63. Re5 Rb1+ 64. Kg2 Re1 65. Kf3 b5 66. Rxe3 Rf1+ 67. Ke2 Rh1 68. f5 Rh2+ 69. Kd3 b4 70. Re2 Rh1 71. Rb2 Rh3+ 72.
Kc2 Rh2+ 73. Kb3 Rg2 74. Rxg2 Kb7 75. Ne5 Kb6 76. Nd3 Ka6 77. Nc5+ Kb5 78. g5 Ka5 79. g6 Kb5 80. Kb2 Ka5 81. g7 b3 82. g8=Q Kb4 83. Qb8+ Ka5 84. Qa7+ Kb4 85. Qb6+ Kc4 86. Qxb3+ Kxd4 87. Qc3# 1-0

[Event "*** Titled Tuesday Blitz"]
[Site "Chess.com"]
[Date "2020.04.28"]
[Round "9"]
[White "Lysiak_Poltorak"]
[Black "ftorodent"]
[Result "0-1"]
[WhiteElo "2372"]
[BlackElo "2686"]
[TimeControl "180+1"]
[EndTime "11:48:32 PDT"]
[Termination "ftorodent won on time"]

1. e4 c5 2. Nf3 e6 3. d4 cxd4 4. Nxd4 a6 5. Nc3 b5 6. Bd3 Bb7 7. O-O d6 8. Kh1 Nf6 9. f4 Nbd7 10. Qe1 Qc7 11. Bd2 Be7 12. a3 O-O 13. Qg3 Nc5 14. Rae1 g6 15. f5 e5 16. Nf3 Nh5 17. Qg4 Bf6 18.
Bh6 Bg7 19. Bxg7 Kxg7 20. Ng5 h6 21. Nh3 Nf6 22. Qg3 Qe7 23. Nf2 Kh7 24. Ng4 Nxg4 25. Qxg4 Qg5 26. Qxg5 hxg5 27. f6 Rh8 28. Rf3 Kg8 29.
Rg3 Ne6 30. Be2 Rd8 31. Bg4 Nd4 32. Bd1 Ne6 33. Bg4 Nd4 34. Bd1 Rh4 35. Rxg5 Rf4 36. Nd5 Bxd5 37. exd5 Rxf6 38. c3 Nf5 39. Bc2 Kg7 40.
Bxf5 Rxf5 41. Rxf5 gxf5 42. Kg1 Rc8 43. Kf2 Rc5 44.
Rd1 Kf6 45. Kf3 Rc4 46. g3 Re4 47. h4 a5 48. Rh1 Kg6 49. h5+ Kh6 50. Rh2 Rc4 51. Rh1 Rc5 52. g4 fxg4+ 53. Kxg4 Rxd5 54. Kf5 Rd2 55. Kf6 Rxb2 56. Kxf7 Rb3 57. Ke6 Rxc3 58. Kxd6 Rxa3 59. Kxe5 b4 60. Kd4 b3 61. Kc3 a4 62.
Kb2 Ra2+ 63. Kb1 Rg2 64. Rh3 Rf2 65. Rg3 Kxh5 66. Rc3 Kg5 67. Kc1 Kf5 68. Rc5+ Ke6 69. Ra5 Rf4 70. Kb2 Kd6 71. Ra8 Kc6 72. Ka3 Kb7 73. Ra5 Kb6 74. Ra8 Kb5 75. Rb8+ Kc5 76.
Rc8+ Kd5 77. Rd8+ Kc6 78. Rc8+ Kb7 79. Rc5 Kb6 80. Rc8 Rd4 81. Ra8 Kb5 82. Rb8+ Kc5 83.
Ra8 Kd5 84. Rc8 Rc4 0-1

[Event "*** Titled Tuesday Blitz"]
[Site "Chess.com"]
[Date "2020.04.28"]
[Round "9"]
[White "jonaszmb"]
[Black "Leonid_Starozhilov"]
[Result "1-0"]
[WhiteElo "2473"]
[BlackElo "2594"]
[TimeControl "180+1"]
[EndTime "11:48:38 PDT"]
[Termination "jonaszmb won by checkmate"]

1. e4 d6 2. d4 Nf6 3. Nc3 Nbd7 4.
Bc4 e5 5. Nf3 Be7 6. O-O O-O 7.
Bb3 a5 8. Bg5 c6 9. dxe5 dxe5 10. Qe2 Qc7 11. Rfd1 Nc5 12. Bxf6 Bxf6 13. h3 a4 14. Bc4 b5 15. Bd3 Be6 16. a3 Rad8 17. Rd2 Rd7 18. Rad1 Rfd8 19. Qe1 Be7 20. Bf1 f6 21.
Rxd7 Rxd7 22. Rxd7 Qxd7 23. Qd2 Qc7 24. Nh4 g6 25. Nf3 Kg7 26. h4 h5 27. Ne1 Nd7 28. Nd3 Bc4 29. g3 Be6 30. Kh2 Nb6 31. Ne1 Bc5 32.
Ng2 Qd7 33. Qxd7+ Bxd7 34. f3 Be6 35. Ne1 Bd4 36. Nd1 Kf7 37. Nd3 Bc4 38. c3 Bxd3 39. Bxd3 Bc5 40. Kg2 Ke6 41. Kf1 Nd7 42. Ke2 Bb6 43. Ne3 Bxe3 44. Kxe3 g5 45. c4 bxc4 46. Bxc4+ Ke7 47. Be2 Nf8 48. hxg5 fxg5 49. f4 gxf4+ 50. gxf4 h4 51. f5 Nh7 52. Bd1 Nf6 53. Bxa4 Kd6 54. Bd1 Kc5 55. Bf3 Kb6 56. b4 Kb5 57. Be2+ Ka4 58.
Kf3 Kxa3 59. b5 cxb5 60. Bxb5 Kb4 61. Bc6 Kc5 62. Ba8 Kd4 63. Bb7 Kd3 64. Bc6 Kd2 65.
Bb7 Ke1 66. Kg2 Ke2 67. Kh3 Ke3 68. Kxh4 Kf4 69. Bc6 Nh7 70. Kh5 Ng5 71. f6 Ne6 72. Kg6 Nd4 73. Bd5 Nf3 74. f7 Nh4+ 75. Kg7 Ke3 76.
f8=Q Ng2 77. Qc5+ Kf4 78. Qe7 Ne3 79. Qf6+ Kg3 80. Qxe5+ Kf3 81. Qd4 Ke2 82. Qxe3+ Kxe3 83. e5 Kd4 84. e6 Kc5 85. e7 Kd6 86. e8=Q Kc5 87.
Bf7 Kd6 88. Kf6 Kc7 89. Qe7+ Kc6 90. Be8+ Kb6 91. Ke5 Ka6 92. Qa3+ Kb6 93. Bh5 Kc7 94. Qd6+ Kb7 95. Kd5 Ka7 96. Kc5 Ka8 97. Qd7 Kb8 98.
Kc6 Ka8 99. Qb7# 1-0

[Event "*** Titled Tuesday Blitz"]
[Site "Chess.com"]
[Date "2020.04.28"]
[Round "9"]
[White "QueenOfTactics90"]
[Black "Bagirova"]
[Result "1-0"]
[WhiteElo "1954"]
[BlackElo "2200"]
[TimeControl "180+1"]
[EndTime "11:48:39 PDT"]
[Termination "QueenOfTactics90 won on time"]

1. e4 c5 2. Nf3 d6 3. d4 cxd4 4. Nxd4 Nf6 5. f3 a6 6. c4 e6 7. Nc3 g6 8. Be3 Bg7 9. Be2 O-O 10. O-O Nc6 11. Rc1 Bd7 12. b3 Rc8 13. Qd2 Nxd4 14. Bxd4 Bc6 15. g4 Qe7 16. Rfd1 Rfd8 17.
Qe1 Nd7 18. Be3 Qf6 19. Rxd6 Ne5 20. Rxd8+ Rxd8 21. Qg3 Nd3 22. Rc2 Qe7 23. h4 Qb4 24. Nd1 Qa3 25. Qc7 Rd7 26. Qc8+ Bf8 27. Rd2 Ne5 28. f4 Rxd2 29. Bxd2 Nd7 30. f5 Bxe4 31. Qxd7 Qe7 32. Qxe7 Bxe7 33. fxg6 fxg6 34. g5 Bc5+ 35. Kh2 Bd6+ 36. Kh3 Bb1 37. Bg4 Kf7 38. a3 Ba2 39.
Nc3 Bxb3 40. Ne4 Bc7 41. Be2 Bc2 42. Nc5 Bf5+ 43. Kg2 Bb6 44. Nxb7 Be4+ 45. Bf3 Bd3 46. Nd6+ Ke7 47. Bb4 Kd7 48. c5 Ba7 49. c6+ Kc7 50. Ne8+ Kc8 51. Nf6 Bd4 52. Nxh7 Bb6 53. Nf8 Bf5 54. Nd7 Bc7 55. Nf6 a5 56. Bc5 a4 57.
Be2 Be5 58. Ba6+ Kc7 59. Nd7 Kxc6 60. Nxe5+ Kxc5 61. Kf3 Kd4 62. Nf7 Kc3 63. Bb7 Kb3 64. Nd6 Kxa3 65. Nxf5 exf5 66. Kf4 Kb2 67. h5 a3 68. Bd5 gxh5 69. Ba2 Kxa2 70. g6 Kb2 71. g7 a2 72. g8=Q a1=Q 73. Qg7+ Ka2 74. Qa7+ Kb1 75. Qg1+ Ka2 76. Qg2+ Qb2 77. Qd5+ Qb3 78. Qa5+ Qa3 79. Qd2+ Kb3 80. Qd3+ Ka4 81. Qa6+ Kb3 82. Qb5+ 1-0

[Event "*** Titled Tuesday Blitz"]
[Site "Chess.com"]
[Date "2020.04.28"]
[Round "9"]
[White "Mikromurks"]
[Black "Tynano"]
[Result "1-0"]
[WhiteElo "2326"]
[BlackElo "2141"]
[TimeControl "180+1"]
[EndTime "11:48:51 PDT"]
[Termination "Mikromurks won by checkmate"]

1. d4 Nf6 2. Bg5 d5 3. Bxf6 exf6 4. e3 c5 5. c3 Be6 6. g3 Nc6 7. Bg2 Bd6 8. Ne2 O-O 9. dxc5 Bxc5 10. Nd2 Rc8 11.
Nb3 Bb6 12. O-O Ne5 13. Nbd4 Bg4 14. Qc2 Re8 15. h3 Bh5 16. Qb3 Nc4 17. Nf4 Nd2 18.
Qc2 Nxf1 19. Nxh5 Nxe3 20. fxe3 Rxe3 21. Qd2 Qe8 22. Rf1 Re2 23. Qd3 Rxb2 24. Nf4 Rxa2 25. Kh1 Ra3 26. Nde2 d4 27. Nxd4 Raxc3 28. Qd1 Bxd4 29.
Qxd4 b5 30. Qxa7 b4 31. Nd5 Rc2 32. Ne7+ Kh8 33. Nxc8 Rxc8 34. Qb7 Rb8 35. Qf3 b3 36. Rb1 b2 37. Qf2 Qb5 38. Be4 Qb6 39. Qxb6 Rxb6 40. Kg2 g6 41. Kf3 f5 42. Bd3 Rb3 43. Ke3 h5 44. Kd4 Kg7 45. Kc4 Rb7 46. Kc3 Kf6 47. Rxb2 Rc7+ 48. Kd2 h4 49. gxh4 Ke5 50. Ke3 f4+ 51.
Kf3 Rc5 52. Re2+ Kd4 53. Ba6 Rh5 54. Kg4 f5+ 55. Kxf4 Rxh4+ 56. Kg3 Rh8 57. Bb7 Kd3 58. Bf3 f4+ 59. Kxf4 Rxh3 60. Rg2 Rh4+ 61. Kg3 Rd4 62. Rg1 Ke3 63. Re1+ Kd2 64. Rd1+ Kc3 65. Rb1 Kd2 66. Rb6 Ke3 67. Rxg6 Kd2 68. Re6 Rd8 69. Kf2 Kd3 70. Re1 Kc3 71. Be4 Rf8+ 72. Ke3 Re8 73. Rc1+ Kb4 74. Kd4 Rd8+ 75. Bd5 Kb5 76.
Rb1+ Ka4 77. Kc5 Rc8+ 78. Bc6+ Ka3 79. Rb5 Rh8 80. Rb6 Ka2 81. Kd4 Rh4+ 82. Be4 Rh8 83. Kd3 Ka3 84. Kc3 Rc8+ 85. Kd4 Rd8+ 86. Bd5 Ka4 87. Kc5 Ka3 88. Rb1 Rc8+ 89. Kd4 Ka4 90. Bc4 Ka5 91. Rb7 Ka4 92. Ra7+ Kb4 93. Rb7+ Ka4 94. Kc3 Rc6 95. Ra7+ Ra6 96. Rxa6# 1-0

[Event "*** Titled Tuesday Blitz"]
[Site "Chess.com"]
[Date "2020.04.28"]
[Round "9"]
[White "TengisChess"]
[Black "Ekka83"]
[Result "0-1"]
[WhiteElo "2530"]
[BlackElo "2424"]
[TimeControl "180+1"]
[EndTime "11:50:29 PDT"]
[Termination "Ekka83 won by checkmate"]

1. Nf3 d5 2. g3 Nf6 3. Bg2 c6 4. O-O Bg4 5. c4 Nbd7 6. cxd5 cxd5 7. d4 Bxf3 8. Bxf3 e6 9. Nc3 Bd6 10. Nb5 Bb8 11. a4 a6 12. Nc3 O-O 13. a5 b5 14.
axb6 Nxb6 15. Qb3 Bd6 16. Qa2 h5 17. Bg5 Be7 18. e3 g6 19. Bh6 Re8 20. Na4 Nc4 21.
b3 Nd6 22. Bf4 Nde4 23. Be5 h4 24. Bxf6 Bxf6 25. Bxe4 dxe4 26. Nc5 Qd5 27. b4 Qh5 28. Nxe4 Bg7 29. Qa5 Qf3 30. Ng5 Qh5 31. f3 hxg3 32. hxg3 Bh6 33. f4 Qg4 34. Kf2 e5 35. Ne4 Qf5 36. Nd6 Qc2+ 37. Kg1 exd4 38. Nxe8 Rxe8 39. Qa2 Qe4 40. exd4 Bg7 41. Qg2 Bxd4+ 42. Kh1 Bxa1 43.
Qxe4 Rxe4 44. Rxa1 Rxb4 45. Rxa6 Kg7 46. Kg2 Rb2+ 47.
Kh3 Rc2 48. Kg4 Rb2 49. Rd6 Rb3 50. Kh4 Rc3 51. g4 Rf3 52. Kg5 Rg3 53. Ra6 Rb3 54. Rc6 Ra3 55. f5 gxf5 56. gxf5 Rg3+ 57. Kf4 Ra3 58. Rb6 Ra4+ 59. Kg5 Ra8 60. Rh6 Rg8 61. f6+ Kf8+ 62. Kf5 Rg6 63. Rh8+ Rg8 64. Rh1 Rg2 65. Rh8+ Rg8 66. Rh1 Rg2 67. Ke5 Re2+ 68. Kd4 Ke8 69. Rh8+ Kd7 70. Rf8 Rd2+ 71. Ke3 Rd6 72.
Rxf7+ Ke6 73. Rf8 Kf5 74. f7 Kf6 75. Ke4 Rd7 76. Rb8 Rxf7 77. Rb6+ Kg7 78. Ke5 Re7+ 79. Kf5 Rf7+ 80. Kg5 Ra7 81. Rb5 Ra6 82. Rb7+ Kf8 83. Rc7 Ke8 84. Rg7 Kd8 85. Rh7 Kc8 86. Kf5 Kb8 87. Ke5 Kc8 88. Kd5 Kd8 89. Rh8+ Ke7 90.
Rh7+ Kf8 91. Kc5 Rg6 92. Rc7 Kg8 93. Rc8+ Kf7 94. Kd5 Kf6 95. Rf8+ Kg5 96. Rf1 Kh6 97. Ke5 Kg7 98. Rf2 Rg3 99. Kf5 Kg8 100. Kf6 Kh7 101. Rh2+ Kg8 102. Rf2 Rg1 103. Rf4 Rg3 104. Rf5 Rg1 105.
Rb5 Rf1+ 106. Ke6 Re1+ 107. Kd6 Rd1+ 108. Kc6 Rc1+ 109. Kd7 Kf7 110. Rf5+ Kg6 111. Rf2 Rd1+ 112. Ke6 Kg5 113. Ke5 Kg4 114. Ke4 Rd8 115. Rf8 Rxf8 116. Ke5 Rf5+ 117. Ke6 Kg5 118. Kd6 Rf1 119. Ke6 Re1+ 120. Kd5 Kf4 121. Kd4 Rd1+ 122. Kc3 Ke4 123. Kc2 Rd8 124. Kc3 Rd7 125. Kc4 Rc7+ 126. Kb5 Kd4 127. Kb6 Rc1 128. Kb5 Rc2 129.
Kb6 Kd5 130. Kb7 Kd6 131. Kb6 Rb2+ 132. Ka5 Kc6 133. Ka4 Rb8 134. Ka3 Kc5 135. Ka4 Rb7 136. Ka3 Kc4 137. Ka4 Ra7# 0-1